TOP OF THE 1ST |
Redwood City Redwoods batting - Pitching for Vancouver Vipers : RHP Bill Hines
|
Pitching: RHP Bill Hines
|
|
Batting: LHB Tim Ramsey
|
0-0: Fly out, F3 (Popup, 3SF)
|
Batting: RHB Jason Blair
|
0-0: Ball 1-0: Ball 2-0: Called Strike 2-1: Ball 3-1: Base on Balls
|
Pitching: RHP Javier Toledo
|
|
Batting: LHB Nicholas Alston
|
0-0: Called Strike Jason Blair steals 2nd base 0-1: Swinging Strike 0-2: Strikes out looking
|
Batting: RHB David Adams
|
0-0: Ball 1-0: Called Strike 1-1: SINGLE (Groundball, 56D) Jason Blair to third Runner from 3rd tries for Home, SAFE, no throw
|
Batting: LHB César Rodríguez
|
0-0: Ball 1-0: Foul Ball, location: 2F 1-1: Called Strike 1-2: SINGLE (Line Drive, 6MD) David Adams to second
|
Batting: LHB Vicente Chávez
|
0-0: Fielders Choice at 2nd, 6-4 (Groundball, 6)
|
Top of the 1st over - 1 run, 2 hits, 0 errors, 2 left on base; Redwood City 1 - Vancouver 0 |
BOTTOM OF THE 1ST |
Vancouver Vipers batting - Pitching for Redwood City Redwoods : LHP Keith Burns
|
Pitching: LHP Keith Burns
|
|
Batting: LHB Nick Gamble
|
0-0: Called Strike 0-1: Foul Ball, location: 2F 0-2: Ball 1-2: Ball 2-2: Ball 3-2: Base on Balls
|
Batting: SHB Henry Copeland
|
0-0: Called Strike 0-1: Foul Ball, location: 2F 0-2: Strikes out swinging
|
Batting: RHB Marvin Workman
|
0-0: Called Strike 0-1: Ball 1-1: Grounds into double play, 6-4-3 (Groundball, 6)
|
Bottom of the 1st over - 0 runs, 0 hits, 0 errors, 0 left on base; Redwood City 1 - Vancouver 0 |
TOP OF THE 2ND |
Redwood City Redwoods batting - Pitching for Vancouver Vipers : RHP Javier Toledo
|
Batting: RHB Joe Noble
|
0-0: Foul Ball, location: 2F 0-1: Ball 1-1: Ball 2-1: Swinging Strike 2-2: Ball 3-2: Strikes out swinging, 2-3 out at first.
|
Batting: RHB Luis Miguel Sánchez
|
0-0: Ball 1-0: Ball 2-0: Ball 3-0: Called Strike 3-1: Fly out, F9 (Flyball, 9)
|
Batting: RHB Enrico Rodríguez
|
0-0: Ground out 5-3 (Groundball, 5)
|
Top of the 2nd over - 0 runs, 0 hits, 0 errors, 0 left on base; Redwood City 1 - Vancouver 0 |
BOTTOM OF THE 2ND |
Vancouver Vipers batting - Pitching for Redwood City Redwoods : LHP Keith Burns
|
Batting: RHB Ryan Parrish
|
0-0: Called Strike 0-1: SOLO HOME RUN (Flyball, 9LD), Distance : 375 ft
|
Batting: RHB Steve Bender
|
0-0: Foul Ball, location: 2F 0-1: SINGLE (Flyball, 7LS)
|
Batting: RHB Rob Brady
|
0-0: Ball 1-0: Foul Ball, location: 2F 1-1: Swinging Strike 1-2: Ball 2-2: Ball 3-2: SINGLE (Groundball, 6S) (infield hit) Steve Bender to second
|
Batting: RHB Axel Guimont
|
0-0: Ball 1-0: Ball 2-0: Ball Wild Pitch! Steve Bender to third Rob Brady to second 3-0: Base on Balls
|
Batting: RHB Clarence Harrison
|
0-0: Called Strike 0-1: Ball 1-1: Fly out, F8 (Flyball, 8RD) Runner from 3rd tags up, OUT at HOME Rob Brady to third Axel Guimont to second
|
Batting: LHB Mike Williams
|
0-0: Ball 1-0: Ball 2-0: Ball 3-0: Base on Balls
|
Batting: LHB Nick Gamble
|
0-0: Ball 1-0: Swinging Strike 1-1: Ball 2-1: Foul Ball, location: 2F 2-2: Fly out, F7 (Flyball, 7S)
|
Bottom of the 2nd over - 1 run, 3 hits, 0 errors, 3 left on base; Redwood City 1 - Vancouver 1 |
TOP OF THE 3RD |
Redwood City Redwoods batting - Pitching for Vancouver Vipers : RHP Javier Toledo
|
Batting: LHB Tim Ramsey
|
0-0: Ball 1-0: Foul Ball, location: 2F 1-1: SOLO HOME RUN (Flyball, 9D), Distance : 377 ft
|
Batting: RHB Jason Blair
|
0-0: Called Strike 0-1: Ball 1-1: Ground out 4-3 (Groundball, 4)
|
Batting: LHB Nicholas Alston
|
0-0: Called Strike 0-1: Swinging Strike 0-2: Foul Ball, location: 2F 0-2: DOUBLE (Flyball, 8RXD)
|
Batting: RHB David Adams
|
0-0: Called Strike 0-1: Ball 1-1: Ground out 6-3 (Groundball, 6) Nicholas Alston to third
|
Batting: LHB César Rodríguez
|
0-0: Ball 1-0: Ball 2-0: Foul Ball, location: 2F 2-1: Swinging Strike 2-2: Strikes out swinging
|
Top of the 3rd over - 1 run, 2 hits, 0 errors, 1 left on base; Redwood City 2 - Vancouver 1 |
BOTTOM OF THE 3RD |
Vancouver Vipers batting - Pitching for Redwood City Redwoods : LHP Keith Burns
|
Batting: SHB Henry Copeland
|
0-0: Foul Ball, location: 2F 0-1: Called Strike 0-2: Ball 1-2: Ball 2-2: Ball 3-2: Foul Ball, location: 2F 3-2: Base on Balls
|
Batting: RHB Marvin Workman
|
0-0: Ball 1-0: Ball 2-0: Called Strike 2-1: DOUBLE (Line Drive, 89D) Henry Copeland to third
|
Batting: RHB Ryan Parrish
|
0-0: Ball 1-0: Fly out, F3 (Popup, 3L)
|
Batting: RHB Steve Bender
|
0-0: Called Strike 0-1: Ground out 5-3 (Groundball, 56) Henry Copeland scores
|
Batting: RHB Rob Brady
|
0-0: Ball 1-0: Called Strike 1-1: Ground out 1-3 (Groundball, P)
|
Bottom of the 3rd over - 1 run, 1 hit, 0 errors, 1 left on base; Redwood City 2 - Vancouver 2 |
TOP OF THE 4TH |
Redwood City Redwoods batting - Pitching for Vancouver Vipers : RHP Javier Toledo
|
Batting: LHB Vicente Chávez
|
0-0: Called Strike 0-1: Foul Ball, location: 2F 0-2: DOUBLE (Flyball, 89D)
|
Batting: RHB Joe Noble
|
0-0: Ball 1-0: Ground out 4-3 (Groundball, 4M) Vicente Chávez to third
|
Batting: RHB Luis Miguel Sánchez
|
0-0: Ball 1-0: Ball 2-0: Called Strike 2-1: Ball 3-1: Called Strike 3-2: Base on Balls
|
Batting: RHB Enrico Rodríguez
|
0-0: Called Strike 0-1: Foul Ball, location: 2F 0-2: Ball 1-2: Foul Ball, location: 2F 1-2: Fielders Choice at 2nd, 6-4 (Groundball, 6M) Vicente Chávez scores
|
Batting: LHB Tim Ramsey
|
0-0: Ball 1-0: Called Strike 1-1: Ball 2-1: Ball 3-1: Foul Ball, location: 2F 3-2: Fly out, F7 (Flyball, 78S)
|
Top of the 4th over - 1 run, 1 hit, 0 errors, 1 left on base; Redwood City 3 - Vancouver 2 |
BOTTOM OF THE 4TH |
Vancouver Vipers batting - Pitching for Redwood City Redwoods : LHP Keith Burns
|
Batting: RHB Axel Guimont
|
0-0: Ball 1-0: Swinging Strike 1-1: Ball 2-1: Called Strike 2-2: Foul Ball, location: 2F 2-2: Ball 3-2: Ground out 3-1 (Groundball, 3S)
|
Batting: RHB Clarence Harrison
|
0-0: Ball 1-0: Ball 2-0: Called Strike 2-1: Called Strike 2-2: Ground out 6-3 (Groundball, 6)
|
Batting: LHB Mike Williams
|
0-0: Ball 1-0: Foul Ball, location: 2F 1-1: Ball 2-1: DOUBLE (Groundball, 5L)
|
Batting: LHB Nick Gamble
|
0-0: Ball 1-0: Called Strike 1-1: Foul Ball, location: 2F 1-2: Ground out 5-3 (Groundball, 5L)
|
Bottom of the 4th over - 0 runs, 1 hit, 0 errors, 1 left on base; Redwood City 3 - Vancouver 2 |
TOP OF THE 5TH |
Redwood City Redwoods batting - Pitching for Vancouver Vipers : RHP Javier Toledo
|
Pitching: RHP Mark Greene
|
|
Batting: RHB Jason Blair
|
0-0: Ball 1-0: Swinging Strike 1-1: Foul Ball, location: 2F 1-2: Foul Ball, location: 2F 1-2: SINGLE (Line Drive, 56D)
|
Batting: LHB Nicholas Alston
|
0-0: Ball 1-0: Called Strike 1-1: Ball 2-1: Swinging Strike 2-2: Ground out 6-3 (Groundball, 6MS) Jason Blair to second
|
Batting: RHB David Adams
|
0-0: Ball Jason Blair steals 3rd base 1-0: Ball 2-0: Ball 3-0: Base on Balls
|
Batting: LHB César Rodríguez
|
0-0: Ball 1-0: Ball 2-0: Called Strike 2-1: Foul Ball, location: 2F 2-2: Ball 3-2: Foul Ball, location: 2F 3-2: Base on Balls David Adams to second
|
Batting: LHB Vicente Chávez
|
0-0: Called Strike 0-1: Ball 1-1: Ball 2-1: Grounds into double play, 4-6-3 (Groundball, 4)
|
Top of the 5th over - 0 runs, 1 hit, 0 errors, 2 left on base; Redwood City 3 - Vancouver 2 |
BOTTOM OF THE 5TH |
Vancouver Vipers batting - Pitching for Redwood City Redwoods : LHP Keith Burns
|
Batting: SHB Henry Copeland
|
0-0: Ball 1-0: SINGLE (Line Drive, 6M)
|
Batting: RHB Marvin Workman
|
0-0: Ball 1-0: Fly out, F4 (Line Drive, 34D)
|
Batting: RHB Ryan Parrish
|
0-0: Ball 1-0: Called Strike 1-1: Ball 2-1: Ball 3-1: DOUBLE (Line Drive, 7LD) Henry Copeland to third
|
Batting: RHB Steve Bender
|
0-0: Ball 1-0: Called Strike 1-1: SINGLE (Groundball, 4MD) Henry Copeland scores Ryan Parrish to third Runner from 3rd tries for Home, SAFE, throw made home
|
Batting: RHB Rob Brady
|
0-0: Ball 1-0: Swinging Strike 1-1: Foul Ball, location: 2F 1-2: Strikes out swinging
|
Batting: RHB Axel Guimont
|
0-0: Called Strike 0-1: Ball 1-1: Ball 2-1: Ball 3-1: Base on Balls Steve Bender to second
|
Batting: RHB Clarence Harrison
|
0-0: Ball 1-0: Foul Ball, location: 2F 1-1: Foul Ball, location: 2F 1-2: Ball 2-2: Reached on error, E4 (Groundball, 4S) Steve Bender to third Axel Guimont to second
|
Pitching: RHP Gil Paling
|
|
Batting: LHB Mike Williams
|
0-0: Called Strike 0-1: Foul Ball, location: 2F 0-2: Strikes out swinging
|
Bottom of the 5th over - 2 runs, 3 hits, 1 error, 3 left on base; Redwood City 3 - Vancouver 4 |
TOP OF THE 6TH |
Redwood City Redwoods batting - Pitching for Vancouver Vipers : RHP Mark Greene
|
Batting: RHB Joe Noble
|
0-0: Hit by Pitch
|
Pinch Runner at 1st Javier Ortíz:
|
|
Batting: RHB Luis Miguel Sánchez
|
0-0: Called Strike 0-1: Fly out, F9 (Flyball, 9S)
|
Batting: RHB Enrico Rodríguez
|
0-0: Ball 1-0: Called Strike 1-1: Called Strike 1-2: Ball 2-2: SINGLE (Groundball, 4D) Javier Ortíz to second Runner from 2nd tries for 3rd, SAFE, no throw
|
Batting: LHB Tim Ramsey
|
0-0: Called Strike 0-1: Ball 1-1: Ball 2-1: Foul Ball, location: 2F 2-2: Foul Ball, location: 2F 2-2: Ball 3-2: Base on Balls Enrico Rodríguez to second
|
Batting: RHB Jason Blair
|
0-0: Grounds into fielders choice 4-2 (Groundball, 4) Enrico Rodríguez to third Tim Ramsey to second
|
Batting: LHB Nicholas Alston
|
0-0: Ball 1-0: Swinging Strike 1-1: Foul Ball, location: 2F 1-2: Foul Ball, location: 2F 1-2: Strikes out looking
|
Top of the 6th over - 0 runs, 1 hit, 0 errors, 3 left on base; Redwood City 3 - Vancouver 4 |
BOTTOM OF THE 6TH |
Vancouver Vipers batting - Pitching for Redwood City Redwoods : RHP Gil Paling
|
Batting: LHB Nick Gamble
|
0-0: Called Strike 0-1: Swinging Strike 0-2: Ground out 5-3 (Groundball, 56)
|
Batting: SHB Henry Copeland
|
0-0: Fly out, F7 (Flyball, 7S)
|
Batting: RHB Marvin Workman
|
0-0: Foul Ball, location: 2F 0-1: Ball 1-1: SINGLE (Flyball, 78S)
|
Batting: RHB Ryan Parrish
|
0-0: Ball 1-0: Called Strike 1-1: Ground out 4-3 (Groundball, 4)
|
Bottom of the 6th over - 0 runs, 1 hit, 0 errors, 1 left on base; Redwood City 3 - Vancouver 4 |
TOP OF THE 7TH |
Redwood City Redwoods batting - Pitching for Vancouver Vipers : RHP Mark Greene
|
Batting: RHB David Adams
|
0-0: Called Strike 0-1: Called Strike 0-2: Ball 1-2: Foul Ball, location: 2F 1-2: Ball 2-2: Ball 3-2: Foul Ball, location: 2F 3-2: Base on Balls
|
Batting: LHB César Rodríguez
|
0-0: Ball 1-0: Called Strike 1-1: Swinging Strike 1-2: Ball 2-2: Ball Wild Pitch! David Adams to second 3-2: Reached on error, E1 (Groundball, P) David Adams to third
|
Batting: LHB Vicente Chávez
|
0-0: Ball 1-0: Ball 2-0: Fly out, F8 (Line Drive, 8RD) Runner from 3rd tags up, SCORES, throw made
|
Batting: RHB Javier Ortíz
|
0-0: Foul Ball, location: 2F 0-1: Ball 1-1: Ball 2-1: Foul Ball, location: 2F 2-2: Ball 3-2: Base on Balls César Rodríguez to second
|
Pitching: RHP Irwin Conway
|
|
Batting: RHB Luis Miguel Sánchez
|
0-0: Called Strike 0-1: Ball 1-1: Foul Ball, location: 2F 1-2: Ball 2-2: Foul Ball, location: 2F 2-2: Foul Ball, location: 2F 2-2: Strikes out looking
|
Batting: RHB Enrico Rodríguez
|
0-0: Ball 1-0: Foul Ball, location: 2F 1-1: Swinging Strike 1-2: Foul Ball, location: 2F 1-2: Ball 2-2: Strikes out looking
|
Top of the 7th over - 1 run, 0 hits, 1 error, 2 left on base; Redwood City 4 - Vancouver 4 |
BOTTOM OF THE 7TH |
Vancouver Vipers batting - Pitching for Redwood City Redwoods : RHP Gil Paling
|
Pinch Hitting: LHB Collin Smith
|
0-0: Ball 1-0: Called Strike 1-1: SINGLE (Line Drive, 8LS)
|
Batting: RHB Rob Brady
|
0-0: Ball 1-0: Foul Ball, location: 2F 1-1: Bunt missed! 1-2: Ball 2-2: Ball 3-2: Base on Balls Collin Smith to second
|
Pinch Hitting: LHB Benny Richard
|
0-0: Called Strike 0-1: Foul Ball, location: 2F 0-2: Hit by Pitch Collin Smith to third Rob Brady to second
|
Batting: RHB Clarence Harrison
|
0-0: Ball 1-0: Called Strike 1-1: Grounds into fielders choice 4-2 (Groundball, 4) Rob Brady to third Benny Richard to second
|
Batting: LHB Mike Williams
|
0-0: Called Strike 0-1: Foul Ball, location: 2F 0-2: Ball 1-2: Strikes out swinging
|
Batting: LHB Nick Gamble
|
0-0: Foul Ball, location: 2F 0-1: Ball 1-1: Foul Ball, location: 2F 1-2: Ball 2-2: Ball 3-2: Foul Ball, location: 2F 3-2: SINGLE (Line Drive, 6M) Rob Brady scores Benny Richard to third Clarence Harrison to second Benny Richard scores Clarence Harrison to third
|
Pitching: RHP Ramiro Pińa
|
|
Batting: SHB Henry Copeland
|
0-0: Ball 1-0: Swinging Strike 1-1: Ball 2-1: Foul Ball, location: 2F 2-2: Strikes out looking
|
Bottom of the 7th over - 2 runs, 2 hits, 0 errors, 2 left on base; Redwood City 4 - Vancouver 6 |
TOP OF THE 8TH |
Redwood City Redwoods batting - Pitching for Vancouver Vipers : RHP Irwin Conway
|
Now at 2B: Brian Ford
|
|
Now in RF: Collin Smith
|
|
Batting: LHB Tim Ramsey
|
0-0: Ground out 4-3 (Groundball, 4)
|
Batting: RHB Jason Blair
|
0-0: Ball 1-0: Called Strike 1-1: Ground out 5-3 (Groundball, 5S)
|
Batting: LHB Nicholas Alston
|
0-0: DOUBLE (Line Drive, 9LS)
|
Batting: RHB David Adams
|
0-0: Foul Ball, location: 2F 0-1: Ball 1-1: Foul Ball, location: 2F 1-2: Foul Ball, location: 2F 1-2: Strikes out swinging
|
Top of the 8th over - 0 runs, 1 hit, 0 errors, 1 left on base; Redwood City 4 - Vancouver 6 |
BOTTOM OF THE 8TH |
Vancouver Vipers batting - Pitching for Redwood City Redwoods : RHP Ramiro Pińa
|
Batting: RHB Marvin Workman
|
0-0: Called Strike 0-1: Ball 1-1: SINGLE (Groundball, 56D)
|
Batting: RHB Ryan Parrish
|
0-0: Ball 1-0: Called Strike 1-1: Ball 2-1: Foul Ball, location: 2F 2-2: Grounds into double play, 6-4-3 (Groundball, 6)
|
Batting: LHB Collin Smith
|
0-0: Ground out 1-3 (Groundball, P)
|
Bottom of the 8th over - 0 runs, 1 hit, 0 errors, 0 left on base; Redwood City 4 - Vancouver 6 |
TOP OF THE 9TH |
Redwood City Redwoods batting - Pitching for Vancouver Vipers : RHP Irwin Conway
|
Pitching: RHP Von Hicks
|
|
Batting: LHB César Rodríguez
|
0-0: Foul Ball, location: 2F 0-1: Ball 1-1: Swinging Strike 1-2: Strikes out looking
|
Batting: LHB Vicente Chávez
|
0-0: Ball 1-0: Ball 2-0: Foul Ball, location: 2F 2-1: Ball 3-1: DOUBLE (Groundball, 3L)
|
Batting: RHB Javier Ortíz
|
0-0: Called Strike 0-1: Foul Ball, location: 2F 0-2: Foul Ball, location: 2F 0-2: Ball 1-2: Strikes out swinging
|
Batting: RHB Luis Miguel Sánchez
|
0-0: Swinging Strike 0-1: Ball 1-1: Fly out, F8 (Flyball, 8LM)
|
Top of the 9th over - 0 runs, 1 hit, 0 errors, 1 left on base; Redwood City 4 - Vancouver 6 |
|